 Dungeon Crawl Stone Soup version 0.24-a0-271-ga0fc33f (webtiles) character file.

Game seed: 12877111990566665622

185 MisterFreud the Slasher (level 5, 0/31 (34) HPs)
             Began as an Octopode Gladiator on Apr 24, 2019.
             Was an Initiate of Cheibriados.
             Slain by a gnoll
             ... wielding a +0 spear
              (9 damage)
             ... on level 5 of the Dungeon.
             The game lasted 00:04:39 (2821 turns).

MisterFreud the Slasher (Octopode Gladiator)        Turns: 2821, Time: 00:04:40

HP:   0/31 (34)     AC:  2    Str: 15    XL:     5   Next: 64%
MP:   5/5           EV: 15    Int: 12    God:    Cheibriados [......]
Gold: 121           SH:  0    Dex: 14    Spells: 4/4 levels left

rFire    . . .     SeeInvis .   a - +1 long sword
rCold    . . .     Gourm    .   (no shield)
rNeg     . . .     Faith    .   b - +1 hat
rPois    .         Spirit   .   (no amulet)
rElec    .         Reflect  .   o - +1 ring of evasion
rCorr    .         Harm     .   (no ring)
MR       .....                  (no ring)
Stlth    ++........             (no ring)
HPRegen  0.10/turn              (no ring)
MPRegen  0.09/turn              (no ring)
                                (no ring)
                                (no ring)

@: drained, very slow
A: almost no armour, stealthy swim, amphibious, 8 rings, constrict 8, camouflage
1, gelatinous body 1
a: Bend Time, Renounce Religion


You were on level 5 of the Dungeon.
You worshipped Cheibriados.
Cheibriados was noncommittal.
You were very hungry.

You visited 2 branches of the dungeon, and saw 5 of its levels.

You collected 121 gold pieces.

Inventory:

Hand Weapons
 a - a +1 long sword (weapon)
Missiles
 c - 3 throwing nets (quivered)
 h - 95 stones
 j - 11 arrows
Armour
 b - a +1 hat (worn)
Jewellery
 o - a +1 ring of evasion (left tentacle)
Wands
 s - a wand of clouds (5)
Scrolls
 k - 2 scrolls of enchant weapon
 l - a scroll of identify
 m - 2 scrolls of fog
Potions
 e - 2 potions of heal wounds {unknown}
 f - 2 potions of curing
 g - 2 potions of magic
 i - a potion of flight
 n - a potion of lignification {unknown}
 p - a potion of agility {unknown}
 q - 4 potions of invisibility {unknown}
Comestibles
 d - 4 rations


   Skills:
 - Level 2.0(1.3) Fighting
 - Level 6.1(5.4) Long Blades
 - Level 2.0(1.3) Throwing
 + Level 3.0(2.3) Dodging


You had 4 spell levels left.
You didn't know any spells.
Your spell library was empty.

Dungeon Overview and Level Annotations

Branches:
Dungeon (5/15)             Temple (1/1) D:5

Altars:
Cheibriados
Dithmenos
Elyvilon
Fedhas
Qazlal


Innate Abilities, Weirdness & Mutations

You cannot wear most types of armour.
You are very stealthy in the water. (Stealth+)
You are amphibious.
You can wear up to eight rings at the same time.
You can use your tentacles to constrict eight enemies at once.
Your skin changes colour to match your surroundings (Stealth+).
Your rubbery body absorbs attacks. (AC +1, EV +1)


Message History

A hound and 2 gnolls come into view.
The phantom hits you!
The phantom blinks!
The hound misses you.
The phantom blinks!
You see here a scroll of remove curse.
You barely miss the hound. Your grab misses the hound. The hound bites you.
The gnoll barely misses you.
You riposte.
You hit the gnoll but do no damage. You grab the gnoll.
The phantom blinks!
The hound closely misses you.
You hit the hound but do no damage. You grab the hound.
You constrict the hound. You constrict the gnoll. The hound closely misses you.
The gnoll misses you.
The gnoll hits you from afar with a +0 spear!
* * * LOW HITPOINT WARNING * * *
The hound barely misses you.
You barely miss the hound.
The hound is lightly wounded.
The sentinel's mark upon you fades away.
You constrict the hound. You constrict the gnoll. The gnoll closely misses you.
The hound misses you.
The gnoll hits you from afar with a +0 spear!
You die...

#.####..#######.. .
# ##.# #.# #.# #.#
#.#######s###
#...........#
#########.#.# ##.#.#
#
.########s...#.#####
....$.h@gOg.........
.########gg.##......
##..$.......
#####.##### #


You could see an ogre, a hound, 4 gnolls and a giant cockroach.

Vanquished Creatures
  A crimson imp (D:5)
  A hound (D:5)
  Robin (D:3)
  3 adders
  2 worms
  3 dart slugs (D:1)
  3 leopard geckos
  12 bats
  2 giant cockroaches
  11 hobgoblins
  3 jackals (D:1)
  2 quokkas (D:2)
  11 goblins
  5 kobolds
  A quokka skeleton (D:5)
  8 rats
69 creatures vanquished.

Notes
Turn   | Place    | Note
-------+----------+-------------------------------------------
     0 | D:1      | MisterFreud the Octopode Gladiator began the quest for the
                  | Orb.
     0 | D:1      | Reached XP level 1. HP: 14/14 MP: 1/1
   126 | D:1      | Reached XP level 2. HP: 9/19 MP: 2/2
   746 | D:1      | Reached skill level 4 in Long Blades
   820 | D:1      | Reached XP level 3. HP: 24/24 MP: 3/3
  1274 | D:2      | Found a faded altar of an unknown god.
  1473 | D:2      | Reached XP level 4. HP: 23/29 MP: 4/4
  1719 | D:3      | Found a shadowy altar of Dithmenos.
  1755 | D:3      | Noticed Robin
  1765 | D:3      | Reached skill level 5 in Long Blades
  2187 | D:3      | Killed Robin
  2271 | D:3      | Reached XP level 5. HP: 27/34 MP: 5/5
  2343 | D:3      | You fall through a shaft for 2 floors!
  2343 | D:5      | Entered Level 5 of the Dungeon
  2344 | D:5      | Noticed a necrophage
  2357 | D:5      | Noticed an ogre
  2374 | D:5      | Found a staircase to the Ecumenical Temple.
  2399 | Temple   | Entered the Ecumenical Temple
  2437 | Temple   | Became a worshipper of Cheibriados the Contemplative
  2753 | D:5      | Noticed an ogre
  2812 | D:5      | Noticed a phantom
  2815 | D:5      | Reached skill level 6 in Long Blades
  2821 | D:5      | Slain by a gnoll

Levels and vault maps discovered:
D:1:      lemuel_arrival_tunnels, layout_loops_ring
D:2:      minmay_razor_zed, layout_loops_ring, chequers_ecumenical_altar_simple
D:3:      layout_loops_ring, grunt_dithmenos_smoke, uniq_robin
D:5:      layout_loops_ring, minmay_temple_entry_offerings, first_ration
Temple:   dpeg_five_rooms_temple

Skill      XL: |  1  2  3  4  5 |
---------------+----------------+-----
Long Blades    | 4 5 6 |  6.1
Fighting       | |  2.0
Throwing       | |  2.0
Dodging        | |  3.0

Action                   |  1- 3 |  4- 6 || total
-------------------------+-------+-------++-------
Melee: Long sword        |    58 |    63 ||   121
       Constrict         |    23 |    24 ||    47
       Tentacles         |    12 |     8 ||    20
Evoke: Wand              |       |     1 ||     1
  Use: Scroll            |     8 |     3 ||    11
 Stab: Sleeping          |     9 |     3 ||    12
  Eat: Chunk             |     2 |     3 ||     5
Armor: Skin              |     2 |     6 ||     8
Dodge: Dodged            |    34 |    51 ||    85
       Rpst.: Long sword |    13 |    17 ||    30

Table legend:
 A = Non-vault XP
 B = Vault XP
 C = Vault XP percentage of total XP
 D = Non-vault monster count
 E = Vault monster count
 F = Vault count percentage of total count
                 A         B        C        D         E       F
            +---------+---------+-------+---------+---------+-------
      Total |     199 |      66 |  24.9 |      47 |      22 |  31.9
            +---------+---------+-------+---------+---------+-------
        D:1 |      39 |       0 |   0.0 |      19 |       0 |   0.0
        D:2 |      20 |      31 |  60.8 |      11 |      11 |  50.0
        D:3 |      48 |      35 |  42.2 |      13 |      11 |  45.8
        D:5 |      92 |       0 |   0.0 |       4 |       0 |   0.0
            +---------+---------+-------+---------+---------+-------
